 Dungeon Crawl Stone Soup version 0.29.1-12-g30fa7ad0bf (webtiles) character file.

Game seed: 14412983962972689372

3665 KittyFluff the Basher (level 10, -5/61 HPs)
             Began as a Gargoyle Berserker on Jan 2, 2023.
             Was an Elder of Trog.
             Killed from afar by a gargoyle (30 damage)
             ... with a stone arrow
             ... on level 8 of the Dungeon.
             The game lasted 00:32:43 (7648 turns).

KittyFluff the Basher (Gargoyle Berserker)          Turns: 7648, Time: 00:32:43

Health: -5/61      AC: 13    Str: 33    XL:     10   Next: 12%
Magic:  10/10      EV: 14    Int:  8    God:    Trog [****..]
Gold:   574        SH:  0    Dex: 19    Spells: 9/9 levels left

rFire   . . .      SeeInvis .   D - +1 flail (drain)
rCold   . . .      Faith    .   (no shield)
rNeg    + . .      Spirit   .   M - +1 robe "Fuzxuir" {+Inv Str+6 Slay+5 Stlth-}
rPois   ∞          Reflect  .   b - +0 helmet
rElec   +          Harm     .   B - +0 cloak
rCorr   .          Rampage  .   (no gloves)
Will    .....                   (no boots)
Stlth   ++........              (no amulet)
HPRegen 0.20/turn               a - +6 ring of dexterity
MPRegen 0.12/turn               I - +6 ring of strength

@: no status effects
A: sickness immunity, AC +7, negative energy resistance 1, electricity
resistance, torment resistance 1, petrification resistance
a: Renounce Religion, Evoke Invisibility, Berserk, Trog's Hand, Brothers in Arms


You were on level 8 of the Dungeon.
You worshipped Trog.
Trog was greatly pleased with you.
You visited 1 branch of the dungeon, and saw 8 of its levels.

You collected 574 gold pieces.

Inventory:

Hand Weapons
 t - a +0 arbalest
 y - a +1 sling of flaming
 D - a +1 flail of draining (weapon)
 P - a +0 shortbow
Missiles
 c - 26 stones (quivered)
 o - 8 poisoned darts
 z - 3 boomerangs of dispersal
 H - 2 throwing nets
 O - 3 datura-tipped darts
Armour
 b - a +0 helmet (worn)
 s - a +3 leather armour of willpower
 A - a +1 leather armour of fire resistance
 B - a +0 cloak (worn)
 M - the +1 robe "Fuzxuir" (worn) {+Inv Str+6 Slay+5 Stlth-}
   (You found it on level 7 of the Dungeon)

   Str:       It affects your strength (+6).
   Slay:      It affects your accuracy & damage with ranged weapons and melee
   (+5).
   +Inv:      It lets you turn invisible.
   Stlth:     It makes you less stealthy.
Jewellery
 a - a +6 ring of dexterity (left hand)
 w - a ring of willpower
 E - an amulet of magic regeneration
 G - the amulet of Elemental Vulnerability {rPois rF-- rC-- AC+8}
   (You found it on level 5 of the Dungeon)

   [amulet of nothing]

   AC:        It affects your AC (+8).
   rF:        It makes you very vulnerable to fire.
   rC:        It makes you very vulnerable to cold.
   rPois:     It protects you from poison.
 I - a +6 ring of strength (right hand)
Wands
 q - a wand of charming (14)
 C - a wand of flame (26)
 F - a wand of polymorph (9)
Scrolls
 f - a scroll of amnesia {unknown}
 j - a scroll of enchant armour {unknown}
 p - a scroll of fog {unknown}
 v - a scroll of noise {unknown}
 x - 3 scrolls of teleportation {unknown}
 J - a scroll of enchant weapon {unknown}
 K - a scroll of magic mapping {unknown}
 L - 2 scrolls of summoning {unknown}
 N - a scroll of blinking {unknown}
Potions
 d - 3 potions of cancellation
 e - 6 potions of curing
 g - 2 potions of degeneration
 h - 2 potions of attraction
 i - 3 potions of mutation
 k - 3 potions of might
 l - a potion of invisibility
 m - 2 potions of flight {unknown}
 n - a potion of magic {unknown}
 r - 2 potions of lignification {unknown}
 u - a potion of brilliance {unknown}


   Skills:
 + Level 6.5 Fighting
 + Level 9.2 Maces & Flails
 + Level 3.4 Ranged Weapons
 + Level 1.1 Throwing
 * Level 7.8 Armour
 + Level 4.7 Dodging
 + Level 3.0 Stealth


You had 9 spell levels left.
You didn't know any spells.
Your spell library was empty.

Dungeon Overview and Level Annotations

Branches:
Dungeon (8/15)             Temple (0/1) D:5
   Lair: D:8-11

Altars:
Cheibriados
Elyvilon
Makhleb
Nemelex Xobeh
Qazlal
Ru
Sif Muna
Trog


Innate Abilities, Weirdness & Mutations

You are immune to sickness and miasma.
Your stone body is resilient. (AC +7)
You are immune to poison.
You resist negative energy. (rN+)
You are resistant to electric shocks. (rElec)
You are resistant to unholy torment.
You are immune to petrification.


Message History

You closely miss the killer bee.
The killer bee is heavily wounded.
The killer bee stings you. The killer bee completely misses you.
The killer bee closely misses you. The killer bee barely misses you.
You bludgeon the orc!!
You kill the orc!
Trog accepts your kill.
The killer bee stings you but does no damage.
The killer bee stings you. x2
The killer bee stings you but does no damage.
You sock the killer bee!
The killer bee is almost dead.
The killer bee completely misses you. The killer bee closely misses you.
The killer bee stings you but does no damage. x2
You hit the killer bee.
The killer bee is lightly wounded.
The killer bee stings you but does no damage.
The killer bee barely misses you. x2; The killer bee stings you!
You closely miss the killer bee.
The killer bee is lightly wounded.
The killer bee stings you but does no damage. x2
You completely miss the killer bee.
The killer bee is almost dead.
The killer bee stings you. The killer bee barely misses you.
The killer bee stings you! The killer bee completely misses you.
You sock the killer bee!
You kill the killer bee!
Trog accepts your kill. The killer bee barely misses you.
The killer bee stings you but does no damage.
You thump the gargoyle!
The gargoyle is moderately damaged.
The killer bee stings you but does no damage.
The gargoyle barely misses you. The killer bee barely misses you.
You sock the gargoyle!
The gargoyle is severely damaged.
The killer bee barely misses you.
The gargoyle hurls a stone arrow at you.
The stone arrow hits you!!
You die...

### ##.. ## ##...
##.##### ###....
#......## #......
#......##### ##.....
#..........## #.....
#...........####....
#.9@.........# ##...
#.y).........## ##..
#..............####..
#.................##.
......................
.......................
....#.#########.....###.
.####. ###†...###
+=#...##


You could see a gargoyle and a killer bee.

Vanquished Creatures
  The ghost of xzight the Shield-Bearer, a novice GnFi (D:6)
  A hornet (D:7)
  Grinder (D:4)
  A wyvern (D:7)
  Sigmund (D:5)
  A steam dragon (D:7)
  Edmund (D:5)
  A water moccasin (D:4)
  A sky beast (D:7)
  2 ogres
  A centaur (D:7)
  2 phantoms
  A necrophage (D:6)
  4 bullfrogs (D:6)
  2 scorpions
  3 wights (D:8)
  7 killer bees
  A howler monkey (D:5)
  A spectral centaur (D:6)
  A centaur zombie (D:6)
  A lava snake (D:7)
  4 hounds
  An orc priest (D:7)
  A gnoll bouda (D:7)
  A centaur skeleton (D:6)
  Ijyb (D:3)
  4 iguanas
  4 orc wizards
  3 adders
  8 gnolls
  A howler monkey skeleton (D:6)
  A shadow imp (D:7)
  2 worms
  2 dart slugs
  16 orcs
  9 bats
  9 endoplasms
  2 giant cockroaches
  13 goblins
  5 hobgoblins
  7 jackals (D:1)
  A quokka (D:1)
  5 ball pythons
  4 frilled lizards
  5 kobolds
  3 rats
147 creatures vanquished.

Vanquished Creatures (others)
  5 fungi (D:3)
  A plant (D:1)
  5 toadstools (D:3)
11 creatures vanquished.

Grand Total: 158 creatures vanquished

Notes
Turn   | Place    | Note
-------+----------+-------------------------------------------
     0 | D:1      | KittyFluff the Gargoyle Berserker began the quest for the
                  | Orb.
     0 | D:1      | Reached XP level 1. HP: 14/14 MP: 1/1
    98 | D:1      | Reached XP level 2. HP: 8/19 MP: 2/2
   445 | D:1      | Found a faded altar of an unknown god.
   598 | D:1      | Reached XP level 3. HP: 14/23 MP: 3/3
  1149 | D:2      | Found a snail-covered altar of Cheibriados.
  1593 | D:2      | Reached ** piety under Trog
  1692 | D:3      | Noticed Ijyb
  1716 | D:3      | Killed Ijyb
  1717 | D:3      | Reached XP level 4. HP: 22/29 MP: 4/4
  2368 | D:3      | Reached skill level 4 in Maces & Flails
  2666 | D:4      | Noticed a water moccasin
  2682 | D:4      | Killed a water moccasin
  2683 | D:4      | Reached skill level 1 in Stealth
  2683 | D:4      | Reached XP level 5. HP: 33/33 MP: 5/5
  2762 | D:4      | Reached XP level 6. HP: 38/38 MP: 6/6
  3134 | D:4      | Found a large runed translucent door.
  3135 | D:4      | Found a large runed translucent door.
  3281 | D:4      | Found a bloodstained altar of Trog.
  3284 | D:4      | Found a sparkling altar of Nemelex Xobeh.
  3464 | D:5      | Entered Level 5 of the Dungeon
  3619 | D:5      | Noticed Grinder
  3628 | D:4      | Reached *** piety under Trog
  3629 | D:4      | Reached skill level 5 in Maces & Flails
  3784 | D:4      | Paralysed by Grinder for 5 turns
  3799 | D:4      | Killed Grinder
  3800 | D:4      | Reached skill level 1 in Throwing
  3800 | D:4      | Reached XP level 7. HP: 31/44 MP: 7/7
  4135 | D:5      | Noticed Sigmund
  4157 | D:5      | Killed Sigmund
  4158 | D:5      | Reached skill level 1 in Ranged Weapons
  4180 | D:5      | Noticed Edmund
  4201 | D:5      | Killed Edmund
  4202 | D:5      | Reached skill level 5 in Armour
  4202 | D:5      | Reached XP level 8. HP: 32/48 MP: 8/8
  4457 | D:5      | Reached skill level 6 in Maces & Flails
  4600 | D:5      | Found a burning altar of Makhleb.
  4906 | D:5      | Found a staircase to the Ecumenical Temple.
  4951 | D:5      | Found the amulet of Elemental Vulnerability {rPois rF--
                  | rC-- AC+8}
  5341 | D:6      | Reached skill level 5 in Fighting
  5529 | D:6      | Found a runed translucent gate.
  5529 | D:6      | Found a runed translucent gate.
  5530 | D:6      | Found a runed translucent gate.
  5531 | D:6      | Noticed xzight's ghost (novice GnFi)
  5586 | D:6      | Reached skill level 7 in Maces & Flails
  5586 | D:6      | Reached XP level 9. HP: 29/54 MP: 9/9
  5958 | D:6      | Killed xzight's ghost
  6270 | D:7      | Reached skill level 8 in Maces & Flails
  6388 | D:7      | Identified the +1 robe "Fuzxuir" {+Inv Str+6 Slay+5 Stlth-}
  6550 | D:7      | Found a shimmering blue altar of Sif Muna.
  6550 | D:7      | Found a stormy altar of Qazlal.
  6857 | D:7      | Found a sacrificial altar of Ru.
  6857 | D:7      | Found a white marble altar of Elyvilon.
  6859 | D:7      | Noticed a hornet
  6868 | D:7      | Killed a hornet
  7089 | D:7      | Reached **** piety under Trog
  7197 | D:7      | Reached skill level 9 in Maces & Flails
  7339 | D:8      | Reached XP level 10. HP: 46/61 MP: 10/10
  7637 | D:8      | Noticed a gargoyle
  7648 | D:8      | Killed from afar by a gargoyle

Illustrated notes

Levels and vault maps discovered:
D:1:      psy_arrival_conway, layout_loops_ring,
          hellmonk_ecumenical_altar_crossroads
D:2:      layout_loops_ring, basic_altar, kennysheep_crisscross
D:3:      minmay_angry_zag, layout_basic, minmay_gold_behind_fungi, uniq_ijyb
D:4:      cheibrodos_greedy_goblins, layout_basic, jmf_multi_god_temple2
D:5:      minmay_evil_eye, layout_basic, mainiacjoe_overflow_24_doors,
          minmay_temple_entry_purple_smoke, uniq_sigmund, uniq_edmund,
          uniq_grinder
D:6:      layout_rooms, gammafunk_ghost_necromancy
D:7:      layout_basic, gammafunk_temple_overflow_elements,
          nicolae_overflow_two_pavilions
D:8:      minmay_clustersquares, layout_cave_pods, overflow_temple_1_default,
          minmay_holes, grunt_ogre_cave

Skill      XL: |  1  2  3  4  5  6  7  8  9 |
---------------+----------------------------+-----
Dodging        | 2 3 4 |  4.7
Armour         | 3 4 5 6 7 |  7.8
Maces & Flails | 4 5 7 9 |  9.2
Fighting       | 4 5 6 |  6.5
Stealth        | 1 2 3 |  3.0
Throwing       | 1 |  1.1
Ranged Weapons | 1 3 |  3.4

Action                   |  1- 3 |  4- 6 |  7- 9 | 10-12 || total
-------------------------+-------+-------+-------+-------++-------
Melee: Mace              |   123 |   220 |    29 |       ||   372
       Punch             |       |     3 |     3 |     1 ||     7
       Flail             |       |       |   214 |    29 ||   243
 Fire: Sling             |       |     3 |    34 |     7 ||    44
Throw: Stone             |     8 |    23 |     5 |     3 ||    39
Invok: Berserk           |     2 |     1 |     1 |       ||     4
  Use: Scroll            |       |     5 |     2 |       ||     7
 Stab: Sleeping          |     1 |       |     1 |       ||     2
Armor: Animal skin       |    27 |       |       |       ||    27
       Leather armour    |    20 |   100 |    83 |       ||   203
       Robe              |       |       |    21 |    26 ||    47
Dodge: Dodged            |    91 |   152 |   161 |    51 ||   455
